 Dungeon Crawl Stone Soup version 0.18.1-48-g4cf74bf (webtiles) character file.

147 mopl the Sneak (level 5, -3/28 HPs)
             Began as a Vine Stalker Wanderer on Aug 31, 2016.
             Slain by a gnoll
             ... wielding a +0 spear
              (4 damage)
             ... on level 3 of the Dungeon.
             The game lasted 00:04:19 (2537 turns).

mopl the Sneak (Vine Stalker Wanderer)              Turns: 2537, Time: 00:04:20

Health: -3/28      AC:  5    Str: 14    XL:     5   Next: 29%
Magic:  0/15       EV: 12    Int:  7    God:
Gold:   161        SH:  0    Dex: 15    Spells: 0 memorised, 4 levels left

rFire  . . .     SeeInvis .     a - +2 short sword (venom)
rCold  . . .     Gourm    .     w - +2 leather armour
rNeg   . . .     Faith    .     (no shield)
rPois  .         Spirit   +     (no helmet)
rElec  .         Dismiss  .     (no cloak)
rCorr  .         Reflect  .     (no gloves)
SustAt .         Harm     .     (no boots)
MR     .....                    (no amulet)
Stlth  ++........               t - ring of magical power
                                n - -5 ring of intelligence (curse)

@: not resistant to hostile enchantments, unstealthy
A: fangs 2, regeneration 1, magic shield, antimagic bite, no device heal 3, rot
immunity
a: no special abilities


You were on level 3 of the Dungeon.
You were very hungry.

You visited 1 branch of the dungeon, and saw 4 of its levels.

You collected 161 gold pieces.

Inventory:

Hand Weapons
 a - a +2 short sword of venom (weapon)
 b - a +0 short sword
 c - a +0 quarterstaff
 d - a +0 dagger
Missiles
 x - 34 poisoned needles
 y - 2 needles of confusion
 D - 2 tomahawks (quivered)
Armour
 g - a +0 ring mail
 l - a +0 shield
 w - a +2 leather armour (worn)
Jewellery
 n - a cursed -5 ring of intelligence (left hand)
 t - a ring of magical power (right hand)
Scrolls
 e - a scroll of immolation {unknown}
 i - 2 scrolls of identify {unknown}
 k - a scroll of enchant weapon {unknown}
 q - 2 scrolls of remove curse
 s - 2 scrolls of random uselessness {unknown}
 v - a scroll of recharging {unknown}
 B - a scroll of teleportation {unknown}
Potions
 j - a potion of curing {unknown}
 m - 2 potions of degeneration {unknown}
 o - a potion of heal wounds {unknown}
 p - a potion of brilliance {unknown}
Comestibles
 f - 3 bread rations
 h - 2 slices of pizza
 r - 6 fruits
 u - a royal jelly
 z - 2 beef jerkies
 C - a meat ration


   Skills:
 + Level 2.8 Fighting
 + Level 2.3 Short Blades
 - Level 1.7 Staves
 + Level 1.9 Throwing
 - Level 1.5 Dodging
 + Level 4.0 Stealth
 - Level 1.0 Shields


You had 4 spell levels left.
You didn't know any spells.

Dungeon Overview and Level Annotations

Branches:
Dungeon (4/15)
 Temple: D:4-7

Altars:
Ashenzari
Dithmenos
Elyvilon
Sif Muna
Trog
Yredelemnul
Zin


Innate Abilities, Weirdness & Mutations

You have extremely sharp teeth.
Your natural rate of healing is unusually fast.
When hurt, damage is shared between your health and your magic reserves.
Your bite disrupts and absorbs the magic of your enemies.
Potions and wands cannot restore your health.
You are immune to rotting.


Message History

Unknown command.
You hit the orc.
The orc is poisoned.
You bite the orc. You drain its power.
You feel invigorated.
The orc is severely wounded.
The gnoll barely misses you. x2; The orc completely misses you.
You hit the orc.
You kill the orc!
The gnoll hits you from afar with a spear.
The gnoll hits you with a flail!
* * * LOW HITPOINT WARNING * * *
The gnoll hits you from afar with a spear!
* * * LOW HITPOINT WARNING * * *
Things that are here:
a short sword of freezing; an orc corpse The gnoll barely misses you.
A dart slug comes into view.
The gnoll hits you with a flail.
* * * LOW HITPOINT WARNING * * *
The gnoll hits you from afar with a spear.
You die...

#....# #.....
#....#######.....
#######........).......
#g)...+................
#.##.##...........#####
#.##..#...........#
#.###g#w..........#
####.###g#....########
#........@....#
#.............############
#.........................
#...........#.....######..
#...........#.....# #..
#...........#.....# #..
#...........#.....# #..
#...........#.)...# #..
#............##.### ###


You could see 2 gnolls and a dart slug.

Vanquished Creatures
  Jessica (D:2)
  2 gnolls (D:3)
  5 adders
  An ooze (D:4)
  A worm (D:3)
  A dart slug (D:2)
  2 orcs (D:3)
  A ball python (D:2)
  3 giant cockroaches
  5 goblins
  8 hobgoblins
  5 quokkas
  5 bats
  2 giant newts
  A kobold (D:3)
  4 rats
47 creatures vanquished.

Vanquished Creatures (others)
  A plant (D:3)
1 creature vanquished.

Grand Total: 48 creatures vanquished

Notes
Turn   | Place    | Note
--------------------------------------------------------------
     0 | D:1      | mopl the Vine Stalker Wanderer began the quest for the Orb.
     0 | D:1      | mopl set off with: a +2 leather armour, a +0 short sword, a +0 quarterstaff, a +0 dagger, a bread ration
     0 | D:1      | Reached XP level 1. HP: 11/11 MP: 2/2
   256 | D:1      | Reached skill level 2 in Fighting
   378 | D:1      | Reached XP level 2. HP: 12/15 MP: 1/3
   815 | D:2      | Found a bloodstained altar of Trog.
   820 | D:2      | Found a glowing silver altar of Zin.
   823 | D:2      | Found a shadowy altar of Dithmenos.
   825 | D:2      | Found a shattered altar of Ashenzari.
   835 | D:2      | Became a worshipper of Ashenzari the Shackled
   836 | D:2      | Fell from the grace of Ashenzari
   890 | D:2      | Found a faded altar to an unknown god.
   897 | D:2      | Became a worshipper of Ashenzari the Shackled
   897 | D:2      | Reached * piety under Ashenzari
   897 | D:2      | Fell from the grace of Ashenzari
   949 | D:2      | Noticed Jessica
   962 | D:2      | Killed Jessica
   962 | D:2      | Reached skill level 1 in Throwing
   962 | D:2      | Reached skill level 3 in Stealth
   962 | D:2      | Reached XP level 3. HP: 9/19 MP: 2/4
  1140 | D:2      | Found a white marble altar of Elyvilon.
  1149 | D:2      | Was forgiven by Ashenzari
  1149 | D:2      | Reached XP level 4. HP: 20/23 MP: 5/5
  1366 | D:2      | You fall through a shaft!
  1438 | D:3      | Found a deep blue altar of Sif Muna.
  1462 | D:3      | Reached skill level 2 in Short Blades
  1500 | D:3      | Reached XP level 5. HP: 27/27 MP: 6/6
  1597 | D:3      | Reached skill level 4 in Stealth
  1724 | D:3      | Found a basalt altar of Yredelemnul.
  2537 | D:3      | HP: 1/28 [gnoll/flail (3)]
  2537 | D:3      | Slain by a gnoll

Skill      XL: |  1  2  3  4  5 |
---------------+----------------+-----
Fighting       | 2 |  2.8
Throwing       | 1 |  1.9
Stealth        | 3 4 |  4.0
Short Blades   | 2 |  2.3
Staves         | |  1.7
Dodging        | |  1.5
Shields        | |  1.0

Action                   |  1- 3 |  4- 6 || total
-------------------------+-------+-------++-------
Melee: Quarterstaff      |    61 |       ||    61
       Bite              |    13 |    14 ||    27
       Short sword       |     6 |    67 ||    73
Invok: Renounce Religion |     2 |       ||     2
 Stab: Sleeping          |       |     5 ||     5
  Eat: Chunk             |     1 |     3 ||     4
Armor: Leather armour    |    30 |    12 ||    42
Dodge: Dodged            |    34 |    37 ||    71
